 Dungeon Crawl Stone Soup version 0.26.0-45-g9c1d065592 (webtiles) character file.

Game seed: 6024769660481911944

3683 BOMJPIETVODKU the Carver (level 10, -5/53 HPs)
             Began as a Vine Stalker Fighter on Jan 28, 2021.
             Was an Initiate of Gozag.
             Slain by a two-headed ogre
             ... wielding a +0 giant club
              (15 damage)
             ... on level 8 of the Dungeon.
             The game lasted 00:23:14 (7412 turns).

BOMJPIETVODKU the Carver (Vine Stalker Fighter)     Turns: 7412, Time: 00:23:24

Health: -5/53      AC: 15    Str: 23    XL:     10   Next: 13%
Magic:  0/11       EV:  5    Int:  8    God:    Gozag
Gold:   594        SH: 10    Dex: 13    Spells: 9/9 levels left

rFire    . . .     SeeInvis .   A - +4 long sword
rCold    . . .     Faith    .   c - +0 kite shield
rNeg     . . .     Spirit   +   d - +0 plate armour
rPois    .         Reflect  .   r - +0 hat
rElec    .         Harm     .   B - +2 cloak
rCorr    .         Rampage  .   (no gloves)
Will     +....                  (no boots)
Stlth    ..........             (no amulet)
HPRegen  0.57/turn              E - ring of wizardry
MPRegen  0.12/turn              (no ring)

@: lethally poisoned (-5 -> -6)
A: fangs 3, regeneration 1, magic shield, antimagic bite, no potion heal 3
a: Renounce Religion, Potion Petition, Call Merchant, Bribe Branch


You were on level 8 of the Dungeon.
You worshipped Gozag.
Gozag was pleased with you.
You visited 2 branches of the dungeon, and saw 9 of its levels.

You collected 881 gold pieces.
You spent 240 gold pieces at shops.
You paid 47 gold pieces to Gozag.

Inventory:

Hand Weapons
 e - the +6 mace "Ymestaru" {freeze, Int+5}
   (You found it on level 6 of the Dungeon)

   It has been specially enchanted to freeze those struck by it, causing extra
   injury to most foes and up to half again as much damage against particularly
   susceptible opponents.
   It can also slow down cold-blooded creatures.
   It affects your intelligence (+5).
 f - a +2 whip of electrocution
 A - a +4 long sword (weapon)
Armour
 b - a +0 scale mail
 c - a +0 kite shield (worn)
 d - a +0 plate armour (worn)
 l - a +0 ring mail
 r - a +0 hat (worn)
 B - a +2 cloak (worn)
Jewellery
 E - a ring of wizardry (left hand)
Wands
 a - a wand of random effects (16)
 t - a wand of flame (13)
 x - a wand of paralysis (16)
 C - a wand of digging (5)
Scrolls
 k - 3 scrolls of magic mapping
 m - 2 scrolls of amnesia
 p - a scroll of teleportation
 q - 5 scrolls of remove curse
 s - 2 scrolls of blinking {unknown}
 u - a scroll of fear {unknown}
 y - 2 scrolls of enchant armour {unknown}
 D - 2 scrolls of identify
 F - a scroll of brand weapon {unknown}
Potions
 g - a potion of attraction
 h - 2 potions of heal wounds
 i - a potion of degeneration
 j - a potion of resistance {unknown}
 n - 2 potions of haste
 o - 6 potions of curing
 v - a potion of magic {unknown}
 w - a potion of berserk rage {unknown}
 z - 2 potions of flight {unknown}


   Skills:
 * Level 5.9 Fighting
 * Level 8.2 Long Blades
 * Level 4.8 Armour
 + Level 1.6 Dodging
 + Level 5.4 Shields
 * Level 5.3 Unarmed Combat
 * Level 1.2 Evocations


You had 9 spell levels left.
You didn't know any spells.
Your spell library contained the following spells:

 Spells                   Type           Power        Failure   Level
 Animate Skeleton         Necr           0%           100%        1
 Apportation              Tloc           0%           100%        1
 Corona                   Hex            0%           100%        1
 Freeze                   Ice            0%           100%        1
 Summon Small Mammal      Summ           0%           100%        1
 Frozen Ramparts          Ice            0%           100%        3
 Ozocubu's Armour         Ice            0%           100%        3
 Hailstorm                Conj/Ice       0%           100%        4
 Summon Ice Beast         Ice/Summ       0%           100%        4


Dungeon Overview and Level Annotations

Branches:
Dungeon (8/15)             Temple (1/1) D:5
   Lair: D:8-11

Altars:
Ashenzari
Dithmenos
Elyvilon
Fedhas
Gozag
Hepliaklqana
Kikubaaqudgha
Makhleb
Nemelex Xobeh
Okawaru
Qazlal
Ru
Sif Muna
Trog
Uskayaw
Vehumet
Wu Jian
Xom
Yredelemnul
Zin
The Shining One

Shops:
D:7 }


Innate Abilities, Weirdness & Mutations

You have razor-sharp teeth.
Your natural rate of healing is unusually fast.
When hurt, damage is shared between your health and your magic reserves.
Your bite disrupts and absorbs the magic of your enemies.
Potions cannot restore your health.


Message History

You feel sick.
The two-headed ogre becomes distracted by the nearby gold, dreaming of imaginary riches.
You catch the helpless two-headed ogre completely off-guard!
You slash the two-headed ogre!
The two-headed ogre is no longer distracted by gold.
You bite the two-headed ogre. You drain its power.
You feel invigorated.
The two-headed ogre is heavily wounded.
You feel sick.
The orc is no longer distracted by gold.
The two-headed ogre hits you with a +0 giant club!!
The two-headed ogre hits you with a cursed +0 giant club!
You hit the two-headed ogre.
You bite the two-headed ogre, but do no damage.
The two-headed ogre is heavily wounded.
You feel sick.
The two-headed ogre hits you with a +0 giant club!
* * * LOW HITPOINT WARNING * * *
The two-headed ogre hits you with a cursed +0 giant club!!
You die...
Your body crumbles into a pile of gold.

# #. # #.#. #.#.
##.#.# ....
#....######h.#.##
#........@Oo.....
#...≈≈.#####..$..
##.≈≈......+ ...
#.≈.≈.##### .
#.....#
###.≈####.
#..........
#.#######.. #.#
..


You could see a two-headed ogre, a black bear and an orc.

Vanquished Creatures
  Pikel (D:6)
  Grinder (D:6)
  Duvessa (D:4)
  A sky beast (D:7)
  2 orc warriors
  An ice beast (D:8)
  An ogre (D:4)
  4 centaurs
  5 bullfrogs
  Dowan (D:4)
  A water moccasin zombie (D:5)
  4 scorpions
  6 killer bees (D:7)
  4 wights
  2 howler monkeys
  A centaur zombie (D:8)
  A crimson imp (D:4)
  A centaur skeleton (D:4)
  An orc priest (D:6)
  2 jellies
  2 bullfrog skeletons
  A hound (D:7)
  4 iguanas
  5 orc wizards
  9 worker ants
  A worker ant zombie (D:8)
  4 gnolls (D:5)
  9 adders
  A shadow imp (D:5)
  3 white imps
  An ufetubus (D:5)
  3 oozes
  A worm (D:3)
  2 dart slugs (D:1)
  5 leopard geckos
  14 orcs
  2 ball pythons
  8 giant cockroaches
  10 goblins
  6 hobgoblins
  9 jackals
  4 quokkas
  11 bats
  2 frilled lizards
  6 kobolds
  A leopard gecko skeleton (D:4)
  17 rats
182 creatures vanquished.

Vanquished Creatures (others)
  5 toadstools (D:1)
5 creatures vanquished.

Grand Total: 187 creatures vanquished

Notes
Turn   | Place    | Note
-------+----------+-------------------------------------------
     0 | D:1      | BOMJPIETVODKU the Vine Stalker Fighter began the quest for
                  | the Orb.
     0 | D:1      | Reached XP level 1. HP: 11/11 MP: 2/2
   101 | D:1      | Reached XP level 2. HP: 16/16 MP: 3/3
   237 | D:1      | Reached skill level 2 in Long Blades
   336 | D:1      | Reached XP level 3. HP: 20/20 MP: 4/4
  1026 | D:2      | Reached skill level 1 in Unarmed Combat
  1387 | D:2      | Gained mutation: Your natural rate of healing is unusually
                  | fast. [Vine Stalker growth]
  1387 | D:2      | Reached XP level 4. HP: 20/24 MP: 2/5
  2367 | D:3      | Found a faded altar of an unknown god.
  2412 | D:3      | Reached XP level 5. HP: 21/28 MP: 6/6
  2979 | D:4      | Reached skill level 1 in Dodging
  3036 | D:4      | Reached XP level 6. HP: 17/33 MP: 2/7
  3216 | D:4      | Noticed Duvessa
  3216 | D:4      | Noticed Dowan
  3222 | D:4      | Killed Duvessa
  3223 | D:4      | Reached skill level 3 in Long Blades
  3228 | D:4      | Killed Dowan
  3229 | D:4      | Reached XP level 7. HP: 28/37 MP: 6/8
  3852 | D:5      | Entered Level 5 of the Dungeon
  4173 | D:5      | Gained mutation: You have razor-sharp teeth. [Vine Stalker
                  | growth]
  4173 | D:5      | Reached XP level 8. HP: 42/42 MP: 9/9
  4191 | D:4      | HP: 2/40 [poisoned by a worker ant]
  4196 | D:4      | HP: 1/40 [poisoned by a worker ant]
  4202 | D:4      | HP: 1/40 [poisoned by a worker ant]
  4208 | D:4      | HP: 2/40 [poisoned by a worker ant]
  4506 | D:5      | Found a staircase to the Ecumenical Temple.
  4510 | Temple   | Entered the Ecumenical Temple
  4555 | Temple   | Became a worshipper of Gozag Ym Sagoz the Greedy
  4794 | D:5      | Reached skill level 4 in Long Blades
  5374 | D:6      | Noticed Pikel
  5390 | D:6      | Killed Pikel
  5391 | D:6      | Reached skill level 5 in Fighting
  5391 | D:6      | Reached skill level 6 in Long Blades
  5391 | D:6      | Reached skill level 5 in Shields
  5391 | D:6      | Reached XP level 9. HP: 47/47 MP: 7/10
  5506 | D:6      | Noticed a moth of wrath
  5509 | D:6      | Found a bloodstained altar of Trog.
  5533 | D:6      | Got an iridescent mace
  5557 | D:6      | Identified the +6 mace "Ymestaru" {freeze, Int+5} (You
                  | found it on level 6 of the Dungeon)
  5698 | D:6      | Noticed Grinder
  5709 | D:6      | Paralysed by Grinder for 5 turns
  5724 | D:6      | Killed Grinder
  5847 | D:6      | Reached skill level 7 in Long Blades
  6367 | D:7      | Found Xoumon's Gadget Shoppe.
  6381 | D:7      | Bought a wand of paralysis (6) for 96 gold pieces
  6381 | D:7      | Bought a wand of paralysis (10) for 144 gold pieces
  6458 | D:7      | Reached skill level 5 in Unarmed Combat
  6810 | D:7      | Found a bloodstained altar of Trog.
  6936 | D:7      | Reached XP level 10. HP: 53/53 MP: 11/11
  7185 | D:8      | Reached skill level 8 in Long Blades
  7185 | D:8      | Reached skill level 1 in Evocations
  7403 | D:8      | Noticed a two-headed ogre
  7412 | D:8      | Slain by a two-headed ogre

Illustrated notes

Levels and vault maps discovered:
D:1:      ldierk_walled_garden, layout_basic, minmay_pentomino_q4
D:2:      layout_basic, minmay_distorted
D:3:      layout_rooms, serial_co_window_serial, co_window_paths_a,
          co_window_corner_a, co_window_paths_b, co_window_paths_a,
          co_window_of_opportunity_a, co_window_corner_cb,
          co_window_of_opportunity_b, co_window_2corner, co_window_paths_c,
          co_window_cross_3, glass_columns_a, chequers_ecumenical_altar_lobes
D:4:      minmay_bubble_buster, layout_gridville, hangedman_feature_mirror,
          minmay_fire_ice_demons, uniq_duvessa
D:5:      layout_rooms, minmay_temple_entry_grid
D:6:      layout_basic, tgw_trog, uniq_pikel, uniq_grinder
D:7:      layout_layer_cave, serial_shops, nicolae_shop_statue_plus,
          trog_butcher_becter
D:8:      layout_basic, erik_lair_island, serial_rivers,
          chequers_serial_rivers_micro_d, chequers_serial_rivers_large_a,
          chequers_serial_rivers_micro_a, chequers_serial_rivers_micro_c,
          kennysheep_okawaru_gauntlet
Temple:   kilobyte_greek_temple

Skill      XL: |  1  2  3  4  5  6  7  8  9 10 |
---------------+-------------------------------+-----
Long Blades    | 2 3 6 7 8 |  8.2
Fighting       | 3 4 5 |  5.9
Unarmed Combat | 1 2 3 4 5 |  5.3
Shields        | 3 4 5 |  5.4
Armour         | 3 4 |  4.8
Dodging        | 1 |  1.6
Evocations     | 1 |  1.2

Action                   |  1- 3 |  4- 6 |  7- 9 | 10-12 || total
-------------------------+-------+-------+-------+-------++-------
Melee: Long sword        |    12 |       |   261 |    44 ||   317
       Bite              |    16 |    31 |    80 |    23 ||   150
       Spear             |    12 |       |       |       ||    12
       Whip              |    66 |   119 |    37 |       ||   222
Evoke: Wand              |       |     2 |       |       ||     2
  Use: Scroll            |       |     1 |     9 |       ||    10
       Potion            |       |       |     1 |       ||     1
 Stab: Distracted        |       |       |     1 |     1 ||     2
Armor: Scale mail        |    50 |    40 |    24 |       ||   114
       Plate armour      |       |       |   142 |    12 ||   154
Dodge: Dodged            |    27 |    36 |    82 |    11 ||   156
Block: Kite shield       |    51 |    83 |   171 |    23 ||   328
       Rpst.: Long sword |       |       |    20 |     4 ||    24
